 Dungeon Crawl Stone Soup version 0.25-a0-294-gea9b1ad378 (webtiles) character file.

Game seed: 4408014397092728077, levelgen mode: deterministic

952 Obelix the Ogre Mage (level 8, 0/79 HPs)
             Began as an Ogre Fire Elementalist on Dec 17, 2019.
             Was an Initiate of Okawaru.
             Slain by a water moccasin skeleton (4 damage)
             ... on level 6 of the Dungeon.
             The game lasted 00:16:24 (6986 turns).

Obelix the Ogre Mage (Ogre Fire Elementalist)       Turns: 6986, Time: 00:16:24

Health: 0/79       AC:  3    Str: 15    XL:     8   Next: 13%
Magic:  2/16       EV: 10    Int: 16    God:    Okawaru [......]
Gold:   210        SH:  0    Dex:  9    Spells: 7/18 levels left

rFire    . . .     SeeInvis .   r - +2 dagger (venom)
rCold    . . .     Gourm    .   (no shield)
rNeg     . . .     Faith    .   n - +0 robe (curse)
rPois    .         Spirit   .   (helmet restricted)
rElec    .         Reflect  .   (no cloak)
rCorr    .         Harm     .   (gloves unavailable)
MR       .....                  (boots unavailable)
Stlth    +.........             (no amulet)
HPRegen  0.23/turn              (no ring)
MPRegen  0.15/turn              (no ring)

@: no status effects
A: large, unfitting armour, tough skin 1
a: Renounce Religion


You were on level 6 of the Dungeon.
You worshipped Okawaru.
Okawaru was noncommittal.
You were near starving.

You visited 1 branch of the dungeon, and saw 6 of its levels.

You collected 210 gold pieces.

Inventory:

Hand Weapons
 f - a +0 short sword
 r - a +2 dagger of venom (weapon)
Armour
 a - a +0 robe
 n - a cursed +0 robe (worn)
 x - a +0 shield
Jewellery
 y - an uncursed amulet of harm {unknown}
Wands
 p - a wand of polymorph (8)
Scrolls
 b - a scroll of magic mapping {unknown}
 d - 3 scrolls of immolation {unknown}
 e - 2 scrolls of identify {unknown}
 h - 5 scrolls of remove curse {unknown}
 j - 2 scrolls of noise {unknown}
 m - a scroll of fear {unknown}
 o - a scroll of enchant weapon {unknown}
 t - 3 scrolls of teleportation {unknown}
 w - a scroll of random uselessness {unknown}
Potions
 g - a potion of agility {unknown}
 i - a potion of berserk rage {unknown}
 k - a potion of ambrosia
 l - 2 potions of might {unknown}
 q - 3 potions of flight {unknown}
 s - 2 potions of heal wounds
 u - 4 potions of haste {unknown}
 v - 2 potions of magic {unknown}
 z - a potion of mutation {unknown}
 B - a potion of curing {unknown}
Comestibles
 c - 9 rations


   Skills:
 * Level 4.5 Fighting
 - Level 2.0 Dodging
 - Level 1.4 Stealth
 * Level 2.5 Shields
 + Level 5.5 Spellcasting
 + Level 3.6 Conjurations
 + Level 4.9 Fire Magic


You had 7 spell levels left.
You knew the following spells:

 Your Spells              Type           Power        Failure   Level  Hunger
a - Foxfire               Conj/Fire      ###.         2%          1    None
b - Conjure Flame         Conj/Fire      ###.....     8%          3    ###....
c - Sticky Flame          Conj/Fire      ###.....     26%         4    ####...
d - Blink                 Tloc           N/A          22%         2    #......
e - Magic Dart            Conj           ###.         3%          1    None

Your spell library contained the following spells:

 Spells                   Type           Power        Failure   Level  Hunger
 Corona                   Hex            #......      14%         1    None
 Inner Flame              Hex/Fire       ##......     16%         3    ###....
 Call Imp                 Summ           #.......     22%         2    #......
 Slow                     Hex            #.......     22%         2    #......
 Mephitic Cloud           Conj/Pois/Air  #.......     26%         3    ###....
 Portal Projectile        Hex/Tloc       #.....       41%         3    ###....
 Fireball                 Conj/Fire      ###.......   56%         5    ######.
 Cause Fear               Hex            #.........   82%         4    ####...
 Leda's Liquefaction      Hex/Erth       #.........   82%         4    ####...


Dungeon Overview and Level Annotations

Branches:
Dungeon (6/15)             Temple (0/1) D:5

Altars:
Ashenzari
Nemelex Xobeh
Okawaru
Yredelemnul

Annotations:
D:2 exclusion: downstairs, bmj180's ghost, amateur DrCj


Innate Abilities, Weirdness & Mutations

You are too large for most types of armour.
You have tough skin. (AC +1)


Message History

* * * LOW HITPOINT WARNING * * *
The foxfire hits the water moccasin skeleton.
The water moccasin skeleton is lightly damaged.
The foxfire hits the orc.
You kill the orc!
Okawaru accepts your kill. The water moccasin skeleton bites you.
* * * LOW HITPOINT WARNING * * *
Items here: ) [[ † a +0 leather armour; a +0 dagger; a +0 robe; an orc corpse
Casting: Foxfire (safe; 2% risk of failure)
Confirm with . or Enter, or press ? or * to list all spells.
You conjure some foxfire!
The water moccasin skeleton barely misses you.
The foxfire hits the water moccasin skeleton.
The water moccasin skeleton is moderately damaged.
The foxfire hits the water moccasin skeleton.
The water moccasin skeleton is moderately damaged.
The water moccasin skeleton bites you.
You die...

#..............
#..............
#..............
#......<.......
#..............
#..............
####'#######...
#..Z.# ...# ..
#..@.#....# .
#...§'....#
#....#....#
#...##....#
#...# ...#
##+## .... ....
.


You could see a water moccasin skeleton.

Vanquished Creatures
  Menkaure (D:5)
  2 ogres (D:4)
  A water moccasin zombie (D:5)
  2 scorpions
  A crimson imp (D:5)
  A centaur zombie (D:5)
  A centaur skeleton (D:4)
  A hound (D:2)
  3 orc wizards
  3 orc priests
  Jessica (D:3)
  A worker ant (D:4)
  A worker ant zombie (D:5)
  6 adders
  An ooze (D:2)
  4 worms
  4 leopard geckos
  4 orcs
  A giant cockroach (D:2)
  7 goblins
  7 hobgoblins
  4 jackals
  7 kobolds
  5 quokkas
  8 bats
  3 frilled lizards
  2 leopard gecko skeletons
  A leopard gecko zombie (D:5)
  A quokka skeleton (D:5)
  8 rats
  A spectral orc (D:4)
93 creatures vanquished.

Vanquished Creatures (others)
  433 foxfires
433 creatures vanquished.

Grand Total: 526 creatures vanquished

Notes
Turn   | Place    | Note
-------+----------+-------------------------------------------
     0 | D:1      | Obelix the Ogre Fire Elementalist began the quest for the
                  | Orb.
     0 | D:1      | Reached XP level 1. HP: 16/16 MP: 3/3
   473 | D:1      | Reached skill level 1 in Conjurations
   473 | D:1      | Reached XP level 2. HP: 24/24 MP: 3/5
  1442 | D:2      | Reached XP level 3. HP: 20/32 MP: 0/7
  1837 | D:2      | Reached skill level 1 in Fighting
  1945 | D:2      | Learned a level 3 spell: Conjure Flame
  2203 | D:2      | Reached skill level 3 in Spellcasting
  2240 | D:2      | Reached XP level 4. HP: 41/41 MP: 5/8
  2270 | D:2      | Learned a level 4 spell: Sticky Flame
  2758 | D:3      | Noticed Jessica
  2763 | D:3      | Killed Jessica
  2763 | D:3      | Reached XP level 5. HP: 47/49 MP: 6/10
  2861 | D:3      | Found a sparkling altar of Nemelex Xobeh.
  3245 | D:3      | Found a runed translucent door.
  3249 | D:3      | Learned a level 2 spell: Blink
  3252 | D:3      | Noticed bmj180's ghost (amateur DrCj)
  3630 | D:2      | Learned a level 1 spell: Magic Dart
  4487 | D:4      | Reached XP level 6. HP: 33/59 MP: 1/11
  4633 | D:4      | Reached skill level 4 in Spellcasting
  4832 | D:4      | Reached skill level 1 in Shields
  5317 | D:4      | Found an iron altar of Okawaru.
  5381 | D:4      | Reached XP level 7. HP: 67/67 MP: 9/13
  5419 | D:4      | Found a shattered altar of Ashenzari.
  5686 | D:4      | Found a basalt altar of Yredelemnul.
  5714 | D:4      | Became a worshipper of Warmaster Okawaru
  5757 | D:5      | Entered Level 5 of the Dungeon
  6205 | D:5      | Found a staircase to the Ecumenical Temple.
  6213 | D:5      | Reached skill level 5 in Spellcasting
  6575 | D:5      | Noticed Menkaure
  6586 | D:5      | Killed Menkaure
  6843 | D:5      | Reached XP level 8. HP: 67/79 MP: 1/16
  6983 | D:6      | HP: 3/79 [water moccasin skeleton (4)]
  6986 | D:6      | Slain by a water moccasin skeleton

Levels and vault maps discovered:
D:1:      dpeg_cavernosity, layout_basic, grunt_decor_mini_mirrors
D:2:      layout_loops_cross, first_ration
D:3:      layout_rooms, nicolae_overflow_crystal_walls, ebering_ghost_sewer_d,
          minmay_randomly_rotated_circles, uniq_jessica
D:4:      layout_rooms, yredelemnul_forgotten_temple_becter,
          overflow_temple_1_default, corner_web_ring, ashenzari_altar_1
D:5:      layout_basic, dancing_weapons_uskayaw, lemuel_coloured_pillars_altar,
          trog_eyes_of_draining, nicolae_qazlal_style_of_elements,
          minmay_temple_entry_proselytizer, serial_undead, serial_undead_e,
          serial_undead_c, serial_undead_b, serial_undead_a, uniq_menkaure
D:6:      layout_gridville, elyvilon_altar_4, zin_purify, serial_shops, shop

Skill      XL: |  1  2  3  4  5  6  7 |
---------------+----------------------+-----
Fire Magic     | 3 4 |  4.9
Conjurations   | 1 2 3 |  3.6
Dodging        | 2 |  2.0
Fighting       | 1 2 3 4 |  4.5
Spellcasting   | 3 4 5 |  5.5
Shields        | 1 2 |  2.5
Stealth        | |  1.4

Action                   |  1- 3 |  4- 6 |  7- 9 || total
-------------------------+-------+-------+-------++-------
Melee: Short sword       |     9 |       |       ||     9
       Dagger            |       |       |     7 ||     7
 Cast: Foxfire           |    75 |   112 |    89 ||   276
       Magic Dart        |       |       |    12 ||    12
       Sticky Flame      |       |       |     3 ||     3
  Use: Potion            |       |     2 |       ||     2
 Stab: Sleeping          |     1 |       |       ||     1
  Eat: Chunk             |     4 |     6 |     4 ||    14
       Ration            |       |     1 |       ||     1
Armor: Robe              |    18 |    17 |    22 ||    57
Dodge: Dodged            |    43 |    69 |    57 ||   169

Table legend:
 A = Non-vault XP
 B = Vault XP
 C = Vault XP percentage of total XP
 D = Non-vault monster count
 E = Vault monster count
 F = Vault count percentage of total count
                 A         B        C        D         E       F
            +---------+---------+-------+---------+---------+-------
      Total |     926 |     434 |  31.9 |      72 |      21 |  22.6
            +---------+---------+-------+---------+---------+-------
        D:1 |      23 |       6 |  20.7 |      15 |       4 |  21.1
        D:2 |     129 |       0 |   0.0 |      25 |       0 |   0.0
        D:3 |      29 |      74 |  71.8 |       7 |       9 |  56.2
        D:4 |     502 |       1 |   0.2 |      16 |       1 |   5.9
        D:5 |     118 |     353 |  74.9 |       5 |       7 |  58.3
        D:6 |     125 |       0 |   0.0 |       4 |       0 |   0.0
            +---------+---------+-------+---------+---------+-------
